 Dungeon Crawl Stone Soup version 0.26-a0-812-g31a745ddcd (webtiles) character file.

Game seed: 1940816258925236723

8012 Flubbersnuff the Basher (level 11, -1/72 HPs)
             Began as a Gargoyle Fighter on Dec 6, 2020.
             Was a Believer of Okawaru.
             Slain by a four-headed hydra (5 damage)
             ... on level 3 of the Lair of Beasts.
             The game lasted 00:37:22 (11977 turns).

Flubbersnuff the Basher (Gargoyle Fighter)         Turns: 11977, Time: 00:37:22

Health: -1/72      AC: 27    Str: 23    XL:     11   Next: 24%
Magic:  11/11      EV: 10    Int:  9    God:    Okawaru [**....]
Gold:   400        SH:  0    Dex:  9    Spells: 10/10 levels left

rFire    + . .     SeeInvis +   a - +1 dire flail (protect)
rCold    x . .     Faith    .   (shield currently unavailable)
rNeg     + . .     Spirit   .   s - +0 scale mail
rPois    ∞         Reflect  .   j - +1 helmet
rElec    +         Harm     .   (no cloak)
rCorr    .         Rampage  .   y - +0 pair of gloves
MR       .....                  (no boots)
Stlth    ..........             (no amulet)
HPRegen  0.22/turn              w - ring of see invisible
MPRegen  0.12/turn              D - ring of fire

@: protection aura
A: negative energy resistance 1, electricity resistance, unbreathing,
petrification resistance, rot immunity, AC +8
a: Heroism, Renounce Religion


You were on level 3 of the Lair of Beasts.
You worshipped Okawaru.
Okawaru was pleased with you.
You visited 3 branches of the dungeon, and saw 13 of its levels.
You also visited: Ossuary.

You collected 589 gold pieces.
You spent 189 gold pieces at shops.

Inventory:

Hand Weapons
 a - a +1 dire flail of protection (weapon)
 b - a +2 mace of holy wrath
Armour
 j - a +1 helmet (worn)
 s - a +0 scale mail (worn)
 y - a +0 pair of gloves (worn)
Jewellery
 w - a ring of see invisible (left hand)
 D - a ring of fire (right hand)
Wands
 i - a wand of iceblast (9)
 r - a wand of digging (5)
 F - a wand of acid (8)
 G - a wand of paralysis (3)
Scrolls
 c - 2 scrolls of fear
 e - 3 scrolls of remove curse
 f - 2 scrolls of magic mapping
 k - a scroll of enchant armour
 m - a scroll of identify
 o - a scroll of summoning {unknown}
 q - a scroll of teleportation
 C - a scroll of holy word
Potions
 h - a potion of berserk rage {unknown}
 l - 2 potions of cancellation
 n - 8 potions of curing
 p - 2 potions of invisibility
 t - 2 potions of flight {unknown}
 v - 2 potions of lignification {unknown}
 x - a potion of mutation {unknown}
 z - 2 potions of magic {unknown}
 E - a potion of haste {unknown}


   Skills:
 + Level 9.9 Fighting
 * Level 12.0 Maces & Flails
 + Level 9.9 Armour
   Level 3.2 Shields


You had 10 spell levels left.
You didn't know any spells.
Your spell library was empty.

Dungeon Overview and Level Annotations

Branches:
Dungeon (9/15)             Temple (1/1) D:5            Lair (3/6) D:8
  Swamp (0/4) Lair:3        Snake (0/4) Lair:3      Ossuary (visited)
    Orc: D:9-12

Altars:
Dithmenos
Fedhas
Kikubaaqudgha
Makhleb
Okawaru
Qazlal
Ru
Sif Muna
Trog
Uskayaw
Vehumet
Wu Jian
Xom
Zin
The Shining One
Jiyva

Shops:
D:5 (

Annotations:
Lair:3 Snorg


Innate Abilities, Weirdness & Mutations

You are resistant to torment.
Your stone body is resilient. (AC +8)
You are immune to poison.
You resist negative energy. (rN+)
You are resistant to electric shocks. (rElec)
You can survive without breathing.
You are immune to petrification.
You are immune to rotting.


Message History

The wyvern bites you.
* * * LOW HITPOINT WARNING * * *
Snorg goes berserk!
Snorg rages.
A komodo dragon comes into view.
You hear the quick rumble of a distant avalanche of rocks.
Found 20 gold pieces.
The komodo dragon bites you.
* * * LOW HITPOINT WARNING * * *
Snorg rages.
You hit the komodo dragon.
Your weapon exudes an aura of protection.
The komodo dragon is lightly wounded.
The komodo dragon bites you but does no damage.
Snorg bites you but does no damage. Snorg claws you!
* * * LOW HITPOINT WARNING * * *
Snorg claws you but does no damage. The komodo dragon bites you.
* * * LOW HITPOINT WARNING * * *
The four-headed hydra bites you.
You die...

*,,,,,,,,,,,**,*,,,,,* *,,*,,,,,*
**,,,,,,,,,****..#*,,* **,**,,,**
*,,,,,,,,,* *#.P**** *,,,**,,,,
***,,,,**** *..#* **,***,,*,
***,** *#..* *,,,,,,,, ** **,,**
#.#* **,**,,** ,* *,*,,* ##.##
****,,,, ******,,** #...#
*****,,,,**
***,,,*,*##*###.@###***,**,*,,,*
*,,*,,,,,#.##.#TlD.##..#,,,,,,,**
#.***,,..##.....l.....$..*****,,*
.#* *,,..................,* *,**
.##**,,.............##.#.*****,,*
.P#*,.......##.##.###*,..,*,,*,**
..####...#..##.##.# **,,.,,,,,,,*
...#.#....#.##.##.#**,,,,********
..#.>..#..#.##.##..,,,,,,*


You could see Snorg (berserk), a four-headed hydra, a komodo dragon and a
wyvern.

Vanquished Creatures
  Erica (D:8)
  A black mamba (Lair:2)
  4 cane toads
  A komodo dragon (Lair:1)
  A polar bear (Lair:3)
  Prince Ribbit (D:5)
  A wyvern (Lair:2)
  A spriggan (Lair:1)
  Grum (Lair:1)
  2 wargs (D:8)
  A water moccasin (Lair:2)
  Duvessa (D:6)
  A necrophage (D:7)
  3 orc warriors
  An ice beast (D:5)
  5 ogres
  4 phantoms
  2 centaurs
  5 wolves
  A big kobold (D:6)
  5 elf zombies (Ossuary)
  A bullfrog (Lair:2)
  Dowan (D:6)
  2 scorpions
  3 howler monkeys
  7 wights
  3 bullfrog zombies
  4 centaur zombies (Ossuary)
  7 hounds
  3 human zombies (Ossuary)
  5 orc wizards
  A centaur skeleton (D:4)
  5 orc priests
  4 bullfrog skeletons
  A jelly (D:8)
  2 iguanas
  5 worker ants
  A hound skeleton (D:7)
  4 mummies
  A worker ant zombie (D:8)
  9 adders
  A white imp (D:6)
  3 ufetubi
  3 oozes
  An adder zombie (D:5)
  2 adder skeletons
  2 worms
  A dart slug (D:2)
  7 leopard geckos
  34 orcs
  A ball python (D:3)
  4 giant cockroaches
  5 hobgoblins
  4 quokkas
  9 bats
  5 frilled lizards
  9 goblins
  16 kobolds
  A kobold zombie (D:4)
  2 leopard gecko skeletons (D:6)
  An orc zombie (D:4)
  7 rats
230 creatures vanquished.

Vanquished Creatures (others)
  7 fungi (Lair:1)
  9 plants
16 creatures vanquished.

Grand Total: 246 creatures vanquished

Notes
Turn   | Place    | Note
-------+----------+-------------------------------------------
     0 | D:1      | Flubbersnuff the Gargoyle Fighter began the quest for the
                  | Orb.
     0 | D:1      | Reached XP level 1. HP: 14/14 MP: 1/1
   242 | D:1      | Reached XP level 2. HP: 16/19 MP: 2/2
   941 | D:2      | Reached skill level 3 in Maces & Flails
   941 | D:2      | Reached XP level 3. HP: 14/24 MP: 3/3
  1145 | D:2      | Reached XP level 4. HP: 28/29 MP: 4/4
  1168 | D:2      | Found a stormy altar of Qazlal.
  1914 | D:3      | Reached XP level 5. HP: 30/33 MP: 5/5
  2167 | D:3      | Found a sacrificial altar of Ru.
  2230 | D:3      | Reached skill level 4 in Maces & Flails
  2631 | D:4      | Reached XP level 6. HP: 39/39 MP: 6/6
  2748 | D:4      | Reached skill level 5 in Maces & Flails
  2970 | D:4      | Found a sand-covered staircase.
  2983 | Ossuary  | Entered an ossuary
  3001 | Ossuary  | Reached skill level 5 in Fighting
  3001 | Ossuary  | Reached skill level 5 in Armour
  3001 | Ossuary  | Reached XP level 7. HP: 34/44 MP: 7/7
  3473 | Ossuary  | Reached skill level 6 in Maces & Flails
  3601 | Ossuary  | Reached XP level 8. HP: 46/51 MP: 8/8
  3782 | D:4      | Found a shadowy altar of Dithmenos.
  3977 | D:5      | Entered Level 5 of the Dungeon
  4131 | D:5      | Reached skill level 7 in Maces & Flails
  4135 | D:5      | Found a staircase to the Ecumenical Temple.
  4144 | Temple   | Entered the Ecumenical Temple
  4779 | D:5      | Found a radiant altar of Vehumet.
  4798 | D:5      | Found Jefuup's Antique Weapon Emporium.
  4811 | D:5      | Bought a runed dire flail for 189 gold pieces
  5074 | D:6      | Noticed Duvessa
  5074 | D:6      | Noticed Dowan
  5088 | D:6      | Killed Duvessa
  5088 | D:6      | Reached skill level 8 in Maces & Flails
  5090 | D:6      | Killed Dowan
  5090 | D:6      | Reached XP level 9. HP: 36/56 MP: 9/9
  5287 | D:6      | Noticed Prince Ribbit
  5347 | D:5      | Killed Prince Ribbit
  5794 | D:6      | Reached skill level 9 in Maces & Flails
  6022 | D:6      | Found an iron altar of Okawaru.
  6645 | D:7      | Got a translucent hand axe
  6645 | D:7      | Identified the cursed +0 hand axe of Morip {chaos, rF++}
                  | (You found it on level 7 of the Dungeon)
  7351 | D:8      | Reached XP level 10. HP: 64/64 MP: 10/10
  7363 | D:8      | Reached skill level 10 in Maces & Flails
  7760 | D:8      | Found a hide-covered altar of Uskayaw.
  8809 | D:8      | Found a staircase to the Lair.
  9184 | D:6      | Became a worshipper of Warmaster Okawaru
  9250 | Lair:1   | Entered Level 1 of the Lair of Beasts
  9294 | Lair:1   | Noticed a cane toad
  9304 | Lair:1   | Killed a cane toad
  9481 | Lair:1   | Noticed Erica
  9553 | D:8      | Killed Erica
  9553 | D:8      | Reached skill level 11 in Maces & Flails
  9772 | Lair:1   | Noticed a cane toad
  9784 | Lair:1   | Killed a cane toad
  9784 | Lair:1   | Reached * piety under Okawaru
  9904 | Lair:1   | Noticed Grum
 10107 | Lair:1   | Killed Grum
 10993 | Lair:1   | Reached XP level 11. HP: 66/71 MP: 11/11
 10998 | Lair:1   | Found a stormy altar of Qazlal.
 11139 | Lair:2   | Reached ** piety under Okawaru
 11406 | Lair:2   | Reached skill level 12 in Maces & Flails
 11496 | Lair:2   | HP: 2/72 [komodo dragon (21)]
 11504 | Lair:2   | HP: 3/72 [komodo dragon (3)]
 11914 | Lair:3   | Noticed Snorg
 11926 | Lair:3   | Noticed a four-headed hydra
 11951 | Lair:3   | Found a staircase to the Swamp.
 11977 | Lair:3   | Slain by a four-headed hydra

Illustrated notes

Levels and vault maps discovered:
D:1:      sevenhm_arrival_forest_fort_small_5, layout_loops_ring
D:2:      minmay_general_purpose_star, layout_basic, old_standard_altar,
          minmay_misc_feat_tiny, corexii_shack, minmay_misc_feat_square,
          grunt_ministairs_6
D:3:      layout_rooms, lemuel_coloured_pillars_altar
D:4:      layout_loops_ring, grunt_dithmenos_smoke_and_mirrors,
          nicolae_ossuary_entry_giza
D:5:      layout_basic, overflow_temple_1_default,
          minmay_temple_entry_antechambers, serial_shops, shop
D:6:      layout_cave_pods, okawaru_gym_becter, eino_tiny_chamber, st_stairs_12,
          uniq_prince_ribbit1, uniq_duvessa
D:7:      layout_gridville
D:8:      layout_cave_pools, old_standard_altar, erik_lair_orcish_takeover
D:9:      layout_loops_cross, grunt_temple_overflow_opulence, minitemple,
          jmf_multi_god_temple2
Temple:   pf_slime_end_temple
Lair:1:   layout_loops_ring, basic_altar, grunt_forest_large_clearing_hut,
          uniq_grum, uniq_erica
Lair:2:   layout_misc_corridors, small_statue_intersection,
          minmay_lair_oklob_chamber
Lair:3:   layout_loops_ring, swamp_mist, guppyfry_snake_entry_island,
          enter_volcano_4, uniq_snorg

Skill      XL: |  1  2  3  4  5  6  7  8  9 10 11 |
---------------+----------------------------------+-----
Maces & Flails | 3 4 5 6 8 9 11 12 | 12.0
Armour         | 4 5 6 8 9 |  9.9
Fighting       | 4 5 6 8 9 |  9.9
Shields        | |  3.2

Action                   |  1- 3 |  4- 6 |  7- 9 | 10-12 || total
-------------------------+-------+-------+-------+-------++-------
Melee: Flail             |    18 |       |       |       ||    18
       Mace              |   110 |   241 |   351 |       ||   702
       Dire flail        |       |       |   163 |   308 ||   471
  Use: Scroll            |       |       |    13 |    11 ||    24
       Potion            |       |       |     1 |     5 ||     6
Armor: Scale mail        |    96 |   140 |   277 |   271 ||   784
Dodge: Dodged            |    51 |    77 |   204 |   200 ||   532
Block: Kite shield       |    89 |   121 |    48 |       ||   258

Table legend: (Time is in decaauts)
 A = Elapsed time spent in this place.
 B = Non-inter-level travel time spent in this place.
 C = Inter-level travel time spent in this place.
 D = Time resting spent in this place.
 E = Time spent auto-exploring this place.
 F = Levels seen in this place.
 G = Mean time per level.
                   A        B        C        D        E       F      G
               +--------+--------+--------+--------+--------+-----+--------+
         Total |  12059 |  11397 |    662 |   3687 |   4706 |  14 |  861.4 |
       Dungeon |   8766 |   8138 |    628 |   2061 |   3991 |   9 |  974.0 |
        Temple |    154 |    137 |     17 |      0 |    136 |   1 |  154.0 |
          Lair |   2377 |   2361 |     16 |   1213 |    558 |   3 |  792.3 |
       Ossuary |    761 |    761 |      0 |    413 |     21 |   1 |  761.0 |
               +--------+--------+--------+--------+--------+-----+--------+

Top non-repeatable levels by time:
     D:7: 1658 daAuts
  Lair:1: 1580 daAuts
     D:6: 1329 daAuts
     D:8: 1251 daAuts
     D:1: 1082 daAuts
     D:5: 1049 daAuts
     D:4: 876 daAuts
     D:2: 822 daAuts
 Ossuary: 761 daAuts
     D:3: 664 daAuts
  Lair:3: 460 daAuts
  Lair:2: 335 daAuts
  Temple: 154 daAuts
     D:9: 31 daAuts
